Workbook
Name analytique: [1]!Tableau5[ID]
Name compte: [1]!Tableau1[N° compte]
Name debut: [1]SOCIETE!$C$14
Name fin: [1]SOCIETE!$C$15
Name frsclt: [1]!Tableau4[Frs / Clts]
Name Langue: [2]Menu!$D$4
Name nomenclature: [1]!Tableau2[ID]
Name PCG: [3]Ecriture!#REF!
Name plan_comptable: [3]PCG!$A$3:$A$109
Name Segment_Année: #N/A
Name Segment_Désignation_compte: #N/A
Name Segment_FRS_CLT: #N/A

Sheet BR
E5: BILAN
A6: ACTIF | G6: Exercice N | I6: Exercice N-1 | K6: PASSIF | R6: Exercice N | S6: Exercice N-1
F7: Brut | G7: Amortissements et provisions (à déduire) | H7: Net | I7: Net | R7: Net | S7: Net
A8: Capital souscrit - non appelé | F8: =+SUMIF([1]PCG!J:J,BR!A8,[1]PCG!E:E) -> 0 | G8: =-SUMIF([1]PCG!J:J,"DAP - "&BR!A8,[1]PCG!E:E) -> 0 | H8: =+F8-G8 -> 0 | I8: =+SUMIF([1]PCG!J:J,BR!A8,[1]PCG!F:F)+SUMIF([1]PCG!J:J,"DAP - "&BR!A8,[1]PCG!F:F) -> 0 | K8: CAPITAUX PROPRES*
A9: ACTIF IMMOBILISE (a) | F9: =+SUMIF([1]PCG!J:J,BR!A9,[1]PCG!E:E) -> 0 | G9: =-SUMIF([1]PCG!J:J,"DAP - "&BR!A9,[1]PCG!E:E) -> 0 | H9: =+F9-G9 -> 0 | I9: =+SUMIF([1]PCG!J:J,BR!A9,[1]PCG!F:F)+SUMIF([1]PCG!J:J,"DAP - "&BR!A9,[1]PCG!F:F) -> 0 | K9: Capital [dont versé : 500] (a) | R9: =+SUMIF([1]PCG!J:J,BR!K9,[1]PCG!E:E) -> 0 | S9: =+SUMIF([1]PCG!J:J,BR!K9,[1]PCG!F:F) -> 0
A10: Immobilisations incorporelles: | F10: =+SUMIF([1]PCG!J:J,BR!A10,[1]PCG!E:E) -> 0 | G10: =-SUMIF([1]PCG!J:J,"DAP - "&BR!A10,[1]PCG!E:E) -> 0 | H10: =+F10-G10 -> 0 | I10: =+SUMIF([1]PCG!J:J,BR!A10,[1]PCG!F:F)+SUMIF([1]PCG!J:J,"DAP - "&BR!A10,[1]PCG!F:F) -> 0 | K10: Primes d'émission, de fusion, d'apport, | R10: =+SUMIF([1]PCG!J:J,BR!K10,[1]PCG!E:E) -> 0 | S10: =+SUMIF([1]PCG!J:J,BR!K10,[1]PCG!F:F) -> 0
A11: =+B11 -> Frais d'établissement | B11: Frais d'établissement | F11: =+SUMIF([1]PCG!J:J,BR!A11,[1]PCG!E:E) -> 0 | G11: =-SUMIF([1]PCG!J:J,"DAP - "&BR!A11,[1]PCG!E:E) -> 0 | H11: =+F11-G11 -> 0 | I11: =+SUMIF([1]PCG!J:J,BR!A11,[1]PCG!F:F)+SUMIF([1]PCG!J:J,"DAP - "&BR!A11,[1]PCG!F:F) -> 0 | K11: Ecart de réévaluation (b) | R11: =+SUMIF([1]PCG!J:J,BR!K11,[1]PCG!E:E) -> 0 | S11: =+SUMIF([1]PCG!J:J,BR!K11,[1]PCG!F:F) -> 0
A12: =+B12 -> Frais de recherche et de développement | B12: Frais de recherche et de développement | F12: =+SUMIF([1]PCG!J:J,BR!A12,[1]PCG!E:E) -> 0 | G12: =-SUMIF([1]PCG!J:J,"DAP - "&BR!A12,[1]PCG!E:E) -> 0 | H12: =+F12-G12 -> 0 | I12: =+SUMIF([1]PCG!J:J,BR!A12,[1]PCG!F:F)+SUMIF([1]PCG!J:J,"DAP - "&BR!A12,[1]PCG!F:F) -> 0 | K12: Ecart d'équivalence (c) | R12: =+SUMIF([1]PCG!J:J,BR!K12,[1]PCG!E:E) -> 0 | S12: =+SUMIF([1]PCG!J:J,BR!K12,[1]PCG!F:F) -> 0
A13: =+B13 -> Concessions, brevets, licences, marques, procédés, logiciels, droits et valeurs similaires | B13: Concessions, brevets, licences, marques, procédés, logiciels, droits et valeurs similaires | F13: =+SUMIF([1]PCG!J:J,BR!A13,[1]PCG!E:E) -> 0 | G13: =-SUMIF([1]PCG!J:J,"DAP - "&BR!A13,[1]PCG!E:E) -> 0 | H13: =+F13-G13 -> 0 | I13: =+SUMIF([1]PCG!J:J,BR!A13,[1]PCG!F:F)+SUMIF([1]PCG!J:J,"DAP - "&BR!A13,[1]PCG!F:F) -> 0 | K13: Réserves: | R13: =+SUMIF([1]PCG!J:J,BR!K13,[1]PCG!E:E) -> 0 | S13: =+SUMIF([1]PCG!J:J,BR!K13,[1]PCG!F:F) -> 0
A14: =+B14 -> Fonds commercial (1) | B14: Fonds commercial (1) | F14: =+SUMIF([1]PCG!J:J,BR!A14,[1]PCG!E:E) -> 0 | G14: =-SUMIF([1]PCG!J:J,"DAP - "&BR!A14,[1]PCG!E:E) -> 0 | H14: =+F14-G14 -> 0 | I14: =+SUMIF([1]PCG!J:J,BR!A14,[1]PCG!F:F)+SUMIF([1]PCG!J:J,"DAP - "&BR!A14,[1]PCG!F:F) -> 0 | K14: =+L14 -> Réserve légale | L14: Réserve légale | R14: =+SUMIF([1]PCG!J:J,BR!K14,[1]PCG!E:E) -> 0 | S14: =+SUMIF([1]PCG!J:J,BR!K14,[1]PCG!F:F) -> 0
A15: =+B15 -> Autres immobilisations incorporelles | B15: Autres immobilisations incorporelles | F15: =+SUMIF([1]PCG!J:J,BR!A15,[1]PCG!E:E) -> 0 | G15: =-SUMIF([1]PCG!J:J,"DAP - "&BR!A15,[1]PCG!E:E) -> 0 | H15: =+F15-G15 -> 0 | I15: =+SUMIF([1]PCG!J:J,BR!A15,[1]PCG!F:F)+SUMIF([1]PCG!J:J,"DAP - "&BR!A15,[1]PCG!F:F) -> 0 | K15: =+L15 -> Réserves statutaires ou contractuelles | L15: Réserves statutaires ou contractuelles | R15: =+SUMIF([1]PCG!J:J,BR!K15,[1]PCG!E:E) -> 0 | S15: =+SUMIF([1]PCG!J:J,BR!K15,[1]PCG!F:F) -> 0
A16: =+B16 -> Immobilisations incorporelles en cours | B16: Immobilisations incorporelles en cours | F16: =+SUMIF([1]PCG!J:J,BR!A16,[1]PCG!E:E) -> 0 | G16: =-SUMIF([1]PCG!J:J,"DAP - "&BR!A16,[1]PCG!E:E) -> 0 | H16: =+F16-G16 -> 0 | I16: =+SUMIF([1]PCG!J:J,BR!A16,[1]PCG!F:F)+SUMIF([1]PCG!J:J,"DAP - "&BR!A16,[1]PCG!F:F) -> 0 | K16: =+L16 -> Réserves réglementées | L16: Réserves réglementées | R16: =+SUMIF([1]PCG!J:J,BR!K16,[1]PCG!E:E) -> 0 | S16: =+SUMIF([1]PCG!J:J,BR!K16,[1]PCG!F:F) -> 0
A17: =+B17 -> Avances et acomptes sur immobilisations incorporelles | B17: Avances et acomptes sur immobilisations incorporelles | F17: =+SUMIF([1]PCG!J:J,BR!A17,[1]PCG!E:E) -> 0 | G17: =-SUMIF([1]PCG!J:J,"DAP - "&BR!A17,[1]PCG!E:E) -> 0 | H17: =+F17-G17 -> 0 | I17: =+SUMIF([1]PCG!J:J,BR!A17,[1]PCG!F:F)+SUMIF([1]PCG!J:J,"DAP - "&BR!A17,[1]PCG!F:F) -> 0 | K17: =+L17 -> Autres réserves | L17: Autres réserves | R17: =+SUMIF([1]PCG!J:J,BR!K17,[1]PCG!E:E) -> 0 | S17: =+SUMIF([1]PCG!J:J,BR!K17,[1]PCG!F:F) -> 0
A18: Immobilisations corporelles: | F18: =+SUMIF([1]PCG!J:J,BR!A18,[1]PCG!E:E) -> 0 | G18: =-SUMIF([1]PCG!J:J,"DAP - "&BR!A18,[1]PCG!E:E) -> 0 | H18: =+F18-G18 -> 0 | I18: =+SUMIF([1]PCG!J:J,BR!A18,[1]PCG!F:F)+SUMIF([1]PCG!J:J,"DAP - "&BR!A18,[1]PCG!F:F) -> 0 | K18: Report à nouveau (d) | R18: =+SUMIF([1]PCG!J:J,BR!K18,[1]PCG!E:E) -> 0 | S18: =+SUMIF([1]PCG!J:J,BR!K18,[1]PCG!F:F) -> 0
A19: =+B19 -> Terrains | B19: Terrains | F19: =+SUMIF([1]PCG!J:J,BR!A19,[1]PCG!E:E) -> 0 | G19: =-SUMIF([1]PCG!J:J,"DAP - "&BR!A19,[1]PCG!E:E) -> 0 | H19: =+F19-G19 -> 0 | I19: =+SUMIF([1]PCG!J:J,BR!A19,[1]PCG!F:F)+SUMIF([1]PCG!J:J,"DAP - "&BR!A19,[1]PCG!F:F) -> 0 | K19: Résultat de l'exercice [bénéfice ou perte] (e) | R19: =+IF(R92>0,-R92,H96) -> 0 | S19: =+SUMIF([1]PCG!J:J,BR!K19,[1]PCG!F:F) -> 0
A20: =+B20 -> Constructions | B20: Constructions | F20: =+SUMIF([1]PCG!J:J,BR!A20,[1]PCG!E:E) -> 0 | G20: =-SUMIF([1]PCG!J:J,"DAP - "&BR!A20,[1]PCG!E:E) -> 0 | H20: =+F20-G20 -> 0 | I20: =+SUMIF([1]PCG!J:J,BR!A20,[1]PCG!F:F)+SUMIF([1]PCG!J:J,"DAP - "&BR!A20,[1]PCG!F:F) -> 0 | K20: Subventions d'investissement | R20: =+SUMIF([1]PCG!J:J,BR!K20,[1]PCG!E:E) -> 0 | S20: =+SUMIF([1]PCG!J:J,BR!K20,[1]PCG!F:F) -> 0
A21: =+B21 -> Installations techniques, matériels, et outillage industriels | B21: Installations techniques, matériels, et outillage industriels | F21: =+SUMIF([1]PCG!J:J,BR!A21,[1]PCG!E:E) -> 0 | G21: =-SUMIF([1]PCG!J:J,"DAP - "&BR!A21,[1]PCG!E:E) -> 0 | H21: =+F21-G21 -> 0 | I21: =+SUMIF([1]PCG!J:J,BR!A21,[1]PCG!F:F)+SUMIF([1]PCG!J:J,"DAP - "&BR!A21,[1]PCG!F:F) -> 0 | K21: Provisions réglementées | R21: =+SUMIF([1]PCG!J:J,BR!K21,[1]PCG!E:E) -> 0 | S21: =+SUMIF([1]PCG!J:J,BR!K21,[1]PCG!F:F) -> 0
A22: =+B22 -> Autres immobilisations corporelles | B22: Autres immobilisations corporelles | F22: =+SUMIF([1]PCG!J:J,BR!A22,[1]PCG!E:E) -> 0 | G22: =-SUMIF([1]PCG!J:J,"DAP - "&BR!A22,[1]PCG!E:E) -> 0 | H22: =+F22-G22 -> 0 | I22: =+SUMIF([1]PCG!J:J,BR!A22,[1]PCG!F:F)+SUMIF([1]PCG!J:J,"DAP - "&BR!A22,[1]PCG!F:F) -> 0 | N22: Total I | R22: =+SUM(R8:R21) -> 0 | S22: =+SUM(S8:S21) -> 0
A23: =+B23 -> Immobilisations corporelles en cours | B23: Immobilisations corporelles en cours | F23: =+SUMIF([1]PCG!J:J,BR!A23,[1]PCG!E:E) -> 0 | G23: =-SUMIF([1]PCG!J:J,"DAP - "&BR!A23,[1]PCG!E:E) -> 0 | H23: =+F23-G23 -> 0 | I23: =+SUMIF([1]PCG!J:J,BR!A23,[1]PCG!F:F)+SUMIF([1]PCG!J:J,"DAP - "&BR!A23,[1]PCG!F:F) -> 0 | K23: PROVISIONS POUR RISQUES ET CHARGES | R23: =+SUMIF([1]PCG!J:J,BR!K23,[1]PCG!E:E) -> 0 | S23: =+SUMIF([1]PCG!J:J,BR!K23,[1]PCG!F:F) -> 0
A24: =+B24 -> Avances et acomptes sur immobilisations corporelles | B24: Avances et acomptes sur immobilisations corporelles | F24: =+SUMIF([1]PCG!J:J,BR!A24,[1]PCG!E:E) -> 0 | G24: =-SUMIF([1]PCG!J:J,"DAP - "&BR!A24,[1]PCG!E:E) -> 0 | H24: =+F24-G24 -> 0 | I24: =+SUMIF([1]PCG!J:J,BR!A24,[1]PCG!F:F)+SUMIF([1]PCG!J:J,"DAP - "&BR!A24,[1]PCG!F:F) -> 0 | K24: Provisions pour risques | R24: =+SUMIF([1]PCG!J:J,BR!K24,[1]PCG!E:E) -> 0 | S24: =+SUMIF([1]PCG!J:J,BR!K24,[1]PCG!F:F) -> 0
A25: Immobilisations financières (2): | F25: =+SUMIF([1]PCG!J:J,BR!A25,[1]PCG!E:E) -> 0 | G25: =-SUMIF([1]PCG!J:J,"DAP - "&BR!A25,[1]PCG!E:E) -> 0 | H25: =+F25-G25 -> 0 | I25: =+SUMIF([1]PCG!J:J,BR!A25,[1]PCG!F:F)+SUMIF([1]PCG!J:J,"DAP - "&BR!A25,[1]PCG!F:F) -> 0 | K25: Provisions pour charges | R25: =+SUMIF([1]PCG!J:J,BR!K25,[1]PCG!E:E) -> 0 | S25: =+SUMIF([1]PCG!J:J,BR!K25,[1]PCG!F:F) -> 0
A26: =+B26 -> Participations (b) | B26: Participations (b) | F26: =+SUMIF([1]PCG!J:J,BR!A26,[1]PCG!E:E) -> 0 | G26: =-SUMIF([1]PCG!J:J,"DAP - "&BR!A26,[1]PCG!E:E) -> 0 | H26: =+F26-G26 -> 0 | I26: =+SUMIF([1]PCG!J:J,BR!A26,[1]PCG!F:F)+SUMIF([1]PCG!J:J,"DAP - "&BR!A26,[1]PCG!F:F) -> 0 | N26: Total II | R26: =+R25+R24 -> 0 | S26: =+S25+S24 -> 0
A27: =+B27 -> Créances rattachées à des participations | B27: Créances rattachées à des participations | F27: =+SUMIF([1]PCG!J:J,BR!A27,[1]PCG!E:E) -> 0 | G27: =-SUMIF([1]PCG!J:J,"DAP - "&BR!A27,[1]PCG!E:E) -> 0 | H27: =+F27-G27 -> 0 | I27: =+SUMIF([1]PCG!J:J,BR!A27,[1]PCG!F:F)+SUMIF([1]PCG!J:J,"DAP - "&BR!A27,[1]PCG!F:F) -> 0 | K27: DETTES (1) (g) | R27: =+SUMIF([1]PCG!J:J,BR!K27,[1]PCG!E:E) -> 0 | S27: =+SUMIF([1]PCG!J:J,BR!K27,[1]PCG!F:F) -> 0
A28: =+B28 -> Titres immobilisés de l'activité de portefeuille | B28: Titres immobilisés de l'activité de portefeuille | F28: =+SUMIF([1]PCG!J:J,BR!A28,[1]PCG!E:E) -> 0 | G28: =-SUMIF([1]PCG!J:J,"DAP - "&BR!A28,[1]PCG!E:E) -> 0 | H28: =+F28-G28 -> 0 | I28: =+SUMIF([1]PCG!J:J,BR!A28,[1]PCG!F:F)+SUMIF([1]PCG!J:J,"DAP - "&BR!A28,[1]PCG!F:F) -> 0 | K28: Emprunts obligataires convertibles | R28: =+SUMIF([1]PCG!J:J,BR!K28,[1]PCG!E:E) -> 0 | S28: =+SUMIF([1]PCG!J:J,BR!K28,[1]PCG!F:F) -> 0
A29: =+B29 -> Autres titres immobilisés | B29: Autres titres immobilisés | F29: =+SUMIF([1]PCG!J:J,BR!A29,[1]PCG!E:E) -> 0 | G29: =-SUMIF([1]PCG!J:J,"DAP - "&BR!A29,[1]PCG!E:E) -> 0 | H29: =+F29-G29 -> 0 | I29: =+SUMIF([1]PCG!J:J,BR!A29,[1]PCG!F:F)+SUMIF([1]PCG!J:J,"DAP - "&BR!A29,[1]PCG!F:F) -> 0 | K29: Autres emprunts obligataires | R29: =+SUMIF([1]PCG!J:J,BR!K29,[1]PCG!E:E) -> 0 | S29: =+SUMIF([1]PCG!J:J,BR!K29,[1]PCG!F:F) -> 0
A30: =+B30 -> Prêts | B30: Prêts | F30: =+SUMIF([1]PCG!J:J,BR!A30,[1]PCG!E:E) -> 0 | G30: =-SUMIF([1]PCG!J:J,"DAP - "&BR!A30,[1]PCG!E:E) -> 0 | H30: =+F30-G30 -> 0 | I30: =+SUMIF([1]PCG!J:J,BR!A30,[1]PCG!F:F)+SUMIF([1]PCG!J:J,"DAP - "&BR!A30,[1]PCG!F:F) -> 0 | K30: Emprunts et dettes auprès établissements de crédits (2) | R30: =+SUMIF([1]PCG!J:J,BR!K30,[1]PCG!E:E) -> 0 | S30: =+SUMIF([1]PCG!J:J,BR!K30,[1]PCG!F:F) -> 0
A31: =+B31 -> Autres immobilisations financières | B31: Autres immobilisations financières | F31: =+SUMIF([1]PCG!J:J,BR!A31,[1]PCG!E:E) -> 0 | G31: =-SUMIF([1]PCG!J:J,"DAP - "&BR!A31,[1]PCG!E:E) -> 0 | H31: =+F31-G31 -> 0 | I31: =+SUMIF([1]PCG!J:J,BR!A31,[1]PCG!F:F)+SUMIF([1]PCG!J:J,"DAP - "&BR!A31,[1]PCG!F:F) -> 0 | K31: Emprunts et dettes financières diverses (3) | R31: =+SUMIF([1]PCG!J:J,BR!K31,[1]PCG!E:E) -> 0 | S31: =+SUMIF([1]PCG!J:J,BR!K31,[1]PCG!F:F) -> 0
D32: Total I | F32: =+SUM(F8:F31) -> 0 | G32: =+SUM(G8:G31) -> 0 | H32: =+SUM(H8:H31) -> 0 | I32: =+SUM(I8:I31) -> 0 | K32: Avances et acomptes reçues sur commandes en cours | R32: =+SUMIF([1]PCG!J:J,BR!K32,[1]PCG!E:E) -> 0 | S32: =+SUMIF([1]PCG!J:J,BR!K32,[1]PCG!F:F) -> 0
F33: =+SUMIF([1]PCG!J:J,BR!A33,[1]PCG!E:E) -> 0 | G33: =-SUMIF([1]PCG!J:J,"DAP - "&BR!A33,[1]PCG!E:E) -> 0 | H33: =+F33-G33 -> 0 | I33: =+SUMIF([1]PCG!J:J,BR!A33,[1]PCG!F:F)+SUMIF([1]PCG!J:J,"DAP - "&BR!A33,[1]PCG!F:F) -> 0 | K33: Dettes Fournisseurs et Comptes rattachés (f) | R33: =-SUMIF([1]PCG!J:J,BR!K33,[1]PCG!E:E) -> -100 | S33: =+SUMIF([1]PCG!J:J,BR!K33,[1]PCG!F:F) -> 0
A34: ACTIF CIRCULANT | F34: =+SUMIF([1]PCG!J:J,BR!A34,[1]PCG!E:E) -> 0 | G34: =-SUMIF([1]PCG!J:J,"DAP - "&BR!A34,[1]PCG!E:E) -> 0 | H34: =+F34-G34 -> 0 | I34: =+SUMIF([1]PCG!J:J,BR!A34,[1]PCG!F:F)+SUMIF([1]PCG!J:J,"DAP - "&BR!A34,[1]PCG!F:F) -> 0 | K34: Dettes fiscales et sociales | R34: =+SUMIF([1]PCG!J:J,BR!K34,[1]PCG!E:E) -> 0 | S34: =+SUMIF([1]PCG!J:J,BR!K34,[1]PCG!F:F) -> 0
A35: Stocks et en-cours (a): | F35: =+SUMIF([1]PCG!J:J,BR!A35,[1]PCG!E:E) -> 0 | G35: =-SUMIF([1]PCG!J:J,"DAP - "&BR!A35,[1]PCG!E:E) -> 0 | H35: =+F35-G35 -> 0 | I35: =+SUMIF([1]PCG!J:J,BR!A35,[1]PCG!F:F)+SUMIF([1]PCG!J:J,"DAP - "&BR!A35,[1]PCG!F:F) -> 0 | K35: Dettes sur immobilisations et Comptes rattachés | R35: =+SUMIF([1]PCG!J:J,BR!K35,[1]PCG!E:E) -> 0 | S35: =+SUMIF([1]PCG!J:J,BR!K35,[1]PCG!F:F) -> 0
A36: =+B36 -> Matières premières et autres approvisionnements | B36: Matières premières et autres approvisionnements | F36: =+SUMIF([1]PCG!J:J,BR!A36,[1]PCG!E:E) -> 0 | G36: =-SUMIF([1]PCG!J:J,"DAP - "&BR!A36,[1]PCG!E:E) -> 0 | H36: =+F36-G36 -> 0 | I36: =+SUMIF([1]PCG!J:J,BR!A36,[1]PCG!F:F)+SUMIF([1]PCG!J:J,"DAP - "&BR!A36,[1]PCG!F:F) -> 0 | K36: Autres dettes | R36: =+SUMIF([1]PCG!J:J,BR!K36,[1]PCG!E:E) -> 0 | S36: =+SUMIF([1]PCG!J:J,BR!K36,[1]PCG!F:F) -> 0
A37: =+B37 -> En cours de production [biens et services] (c) | B37: En cours de production [biens et services] (c) | F37: =+SUMIF([1]PCG!J:J,BR!A37,[1]PCG!E:E) -> 0 | G37: =-SUMIF([1]PCG!J:J,"DAP - "&BR!A37,[1]PCG!E:E) -> 0 | H37: =+F37-G37 -> 0 | I37: =+SUMIF([1]PCG!J:J,BR!A37,[1]PCG!F:F)+SUMIF([1]PCG!J:J,"DAP - "&BR!A37,[1]PCG!F:F) -> 0 | K37: Instruments de trésorerie | R37: =+SUMIF([1]PCG!J:J,BR!K37,[1]PCG!E:E) -> 0 | S37: =+SUMIF([1]PCG!J:J,BR!K37,[1]PCG!F:F) -> 0
A38: =+B38 -> Produits intermédiaires et finis | B38: Produits intermédiaires et finis | F38: =+SUMIF([1]PCG!J:J,BR!A38,[1]PCG!E:E) -> 0 | G38: =-SUMIF([1]PCG!J:J,"DAP - "&BR!A38,[1]PCG!E:E) -> 0 | H38: =+F38-G38 -> 0 | I38: =+SUMIF([1]PCG!J:J,BR!A38,[1]PCG!F:F)+SUMIF([1]PCG!J:J,"DAP - "&BR!A38,[1]PCG!F:F) -> 0 | K38: Produits constatés d'avance (1) | R38: =+SUMIF([1]PCG!J:J,BR!K38,[1]PCG!E:E) -> 0 | S38: =+SUMIF([1]PCG!J:J,BR!K38,[1]PCG!F:F) -> 0
A39: =+B39 -> Marchandises | B39: Marchandises | F39: =+SUMIF([1]PCG!J:J,BR!A39,[1]PCG!E:E) -> 0 | G39: =-SUMIF([1]PCG!J:J,"DAP - "&BR!A39,[1]PCG!E:E) -> 0 | H39: =+F39-G39 -> 0 | I39: =+SUMIF([1]PCG!J:J,BR!A39,[1]PCG!F:F)+SUMIF([1]PCG!J:J,"DAP - "&BR!A39,[1]PCG!F:F) -> 0 | N39: TOTAL III | R39: =+SUM(R28:R38) -> -100 | S39: =+SUMIF([1]PCG!J:J,BR!K39,[1]PCG!F:F) -> 0
A40: Avances et acomptes versés sur commandes | F40: =+SUMIF([1]PCG!J:J,BR!A40,[1]PCG!E:E) -> 0 | G40: =-SUMIF([1]PCG!J:J,"DAP - "&BR!A40,[1]PCG!E:E) -> 0 | H40: =+F40-G40 -> 0 | I40: =+SUMIF([1]PCG!J:J,BR!A40,[1]PCG!F:F)+SUMIF([1]PCG!J:J,"DAP - "&BR!A40,[1]PCG!F:F) -> 0 | K40: Ecarts de conversion passif | N40: (IV) | R40: =+SUMIF([1]PCG!J:J,BR!K40,[1]PCG!E:E) -> 0 | S40: =+SUMIF([1]PCG!J:J,BR!K40,[1]PCG!F:F) -> 0
A41: Créances (3): | F41: =+SUMIF([1]PCG!J:J,BR!A41,[1]PCG!E:E) -> 0 | G41: =-SUMIF([1]PCG!J:J,"DAP - "&BR!A41,[1]PCG!E:E) -> 0 | H41: =+F41-G41 -> 0 | I41: =+SUMIF([1]PCG!J:J,BR!A41,[1]PCG!F:F)+SUMIF([1]PCG!J:J,"DAP - "&BR!A41,[1]PCG!F:F) -> 0 | N41: TOTAL GENERAL (I+II+III+IV) | R41: =+R40+R39++R26+R22 -> -100 | S41: =+SUMIF([1]PCG!J:J,BR!K41,[1]PCG!F:F) -> 0
A42: =+B42 -> Créances clients (a) et comptes rattachés (d) | B42: Créances clients (a) et comptes rattachés (d) | F42: =+SUMIF([1]PCG!J:J,BR!A42,[1]PCG!E:E) -> 0 | G42: =-SUMIF([1]PCG!J:J,"DAP - "&BR!A42,[1]PCG!E:E) -> 0 | H42: =+F42-G42 -> 0 | I42: =+SUMIF([1]PCG!J:J,BR!A42,[1]PCG!F:F)+SUMIF([1]PCG!J:J,"DAP - "&BR!A42,[1]PCG!F:F) -> 0 | R42: =+SUMIF([1]PCG!R:R,BR!K42,[1]PCG!E:E) -> 0
A43: =+B43 -> Autres créances d'exploitation | B43: Autres créances d'exploitation | F43: =+SUMIF([1]PCG!J:J,BR!A43,[1]PCG!E:E) -> 0 | G43: =-SUMIF([1]PCG!J:J,"DAP - "&BR!A43,[1]PCG!E:E) -> 0 | H43: =+F43-G43 -> 0 | I43: =+SUMIF([1]PCG!J:J,BR!A43,[1]PCG!F:F)+SUMIF([1]PCG!J:J,"DAP - "&BR!A43,[1]PCG!F:F) -> 0 | K43: (1) | L43: Dont à plus d'un an
A44: =+B44 -> Capital souscrit - appelé, non versé | B44: Capital souscrit - appelé, non versé | F44: =+SUMIF([1]PCG!J:J,BR!A44,[1]PCG!E:E) -> 0 | G44: =-SUMIF([1]PCG!J:J,"DAP - "&BR!A44,[1]PCG!E:E) -> 0 | H44: =+F44-G44 -> 0 | I44: =+SUMIF([1]PCG!J:J,BR!A44,[1]PCG!F:F)+SUMIF([1]PCG!J:J,"DAP - "&BR!A44,[1]PCG!F:F) -> 0 | L44: Dont à moins d'un an
A45: Valeurs mobilières de placement (e): | F45: =+SUMIF([1]PCG!J:J,BR!A45,[1]PCG!E:E) -> 0 | G45: =-SUMIF([1]PCG!J:J,"DAP - "&BR!A45,[1]PCG!E:E) -> 0 | H45: =+F45-G45 -> 0 | I45: =+SUMIF([1]PCG!J:J,BR!A45,[1]PCG!F:F)+SUMIF([1]PCG!J:J,"DAP - "&BR!A45,[1]PCG!F:F) -> 0 | K45: (2) | L45: Dont concours bancaires courants et soldes créditeurs de banques
A46: =+B46 -> Actions propres | B46: Actions propres | F46: =+SUMIF([1]PCG!J:J,BR!A46,[1]PCG!E:E) -> 0 | G46: =-SUMIF([1]PCG!J:J,"DAP - "&BR!A46,[1]PCG!E:E) -> 0 | H46: =+F46-G46 -> 0 | I46: =+SUMIF([1]PCG!J:J,BR!A46,[1]PCG!F:F)+SUMIF([1]PCG!J:J,"DAP - "&BR!A46,[1]PCG!F:F) -> 0 | K46: (3) | L46: Dont emprunts participatifs
A47: =+B47 -> Autres titres | B47: Autres titres | F47: =+SUMIF([1]PCG!J:J,BR!A47,[1]PCG!E:E) -> 0 | G47: =-SUMIF([1]PCG!J:J,"DAP - "&BR!A47,[1]PCG!E:E) -> 0 | H47: =+F47-G47 -> 0 | I47: =+SUMIF([1]PCG!J:J,BR!A47,[1]PCG!F:F)+SUMIF([1]PCG!J:J,"DAP - "&BR!A47,[1]PCG!F:F) -> 0
A48: Instruments de trésorerie | F48: =+SUMIF([1]PCG!J:J,BR!A48,[1]PCG!E:E) -> 0 | G48: =-SUMIF([1]PCG!J:J,"DAP - "&BR!A48,[1]PCG!E:E) -> 0 | H48: =+F48-G48 -> 0 | I48: =+SUMIF([1]PCG!J:J,BR!A48,[1]PCG!F:F)+SUMIF([1]PCG!J:J,"DAP - "&BR!A48,[1]PCG!F:F) -> 0
A49: Disponibilités | F49: =+SUMIF([1]PCG!J:J,BR!A49,[1]PCG!E:E) -> 0 | G49: =-SUMIF([1]PCG!J:J,"DAP - "&BR!A49,[1]PCG!E:E) -> 0 | H49: =+F49-G49 -> 0 | I49: =+SUMIF([1]PCG!J:J,BR!A49,[1]PCG!F:F)+SUMIF([1]PCG!J:J,"DAP - "&BR!A49,[1]PCG!F:F) -> 0
A50: Charges constatées d'avance (3) | F50: =+SUMIF([1]PCG!J:J,BR!A50,[1]PCG!E:E) -> 0 | G50: =-SUMIF([1]PCG!J:J,"DAP - "&BR!A50,[1]PCG!E:E) -> 0 | H50: =+F50-G50 -> 0 | I50: =+SUMIF([1]PCG!J:J,BR!A50,[1]PCG!F:F)+SUMIF([1]PCG!J:J,"DAP - "&BR!A50,[1]PCG!F:F) -> 0
D51: Total II | F51: =+SUM(F34:F50) -> 0 | G51: =+SUM(G34:G50) -> 0 | H51: =+SUM(H34:H50) -> 0 | I51: =+SUM(I34:I50) -> 0
A52: Charges à répartir sur plusieurs exercices | D52: (III) | F52: =+SUMIF([1]PCG!J:J,BR!A52,[1]PCG!E:E) -> 0 | G52: =-SUMIF([1]PCG!J:J,"DAP - "&BR!A52,[1]PCG!E:E) -> 0 | H52: =+F52-G52 -> 0 | I52: =+SUMIF([1]PCG!J:J,BR!A52,[1]PCG!F:F)+SUMIF([1]PCG!J:J,"DAP - "&BR!A52,[1]PCG!F:F) -> 0
A53: Primes de remboursement des emprunts | D53: (IV) | F53: =+SUMIF([1]PCG!J:J,BR!A53,[1]PCG!E:E) -> 0 | G53: =-SUMIF([1]PCG!J:J,"DAP - "&BR!A53,[1]PCG!E:E) -> 0 | H53: =+F53-G53 -> 0 | I53: =+SUMIF([1]PCG!J:J,BR!A53,[1]PCG!F:F)+SUMIF([1]PCG!J:J,"DAP - "&BR!A53,[1]PCG!F:F) -> 0
A54: Ecarts de conversion Actif | D54: (V) | F54: =+SUMIF([1]PCG!J:J,BR!A54,[1]PCG!E:E) -> 0 | G54: =-SUMIF([1]PCG!J:J,"DAP - "&BR!A54,[1]PCG!E:E) -> 0 | H54: =+F54-G54 -> 0 | I54: =+SUMIF([1]PCG!J:J,BR!A54,[1]PCG!F:F)+SUMIF([1]PCG!J:J,"DAP - "&BR!A54,[1]PCG!F:F) -> 0
D55: TOTAL GENERAL (I+II+III+IV+V) | F55: =+SUM(F51:F54)+F32 -> 0 | G55: =+SUM(G51:G54)+G32 -> 0 | H55: =+SUM(H51:H54)+H32 -> 0 | I55: =+SUM(I51:I54)+I32 -> 0
A57: (1) | B57: Dont droit au bail
A58: (2) | B58: Dont à moins d'un an (brut)
A59: (3) | B59: Dont à moins d'un an (brut)
D63: COMPTE DE RESULTAT | V63: Le cas échéant, une rubrique "Autres fonds propres" est intercalée entre la rubrique "Capitaux propres" et la rubrique "Provisions pour risques et charges"
A64: Charges (hors taxes) | H64: Exercice N | I64: Exercice (N-1) | K64: Produits (hors taxes) | R64: Exercice N | S64: Exercice (N-1) | V64: avec ouverture des postes constitutifs de cette rubrique sur des lignes séparées (montant des émissions de titres participatifs, avances conditionnées).
A65: Charges d'exploitation (1): | K65: Produits d'exploitation (1): | V65: Un total I bis fait apparaître le montant des autres fonds propres entre le total I et le total II du passif du bilan. Le total général est complété en conséquence.
A66: =+B66 -> Achats de marchandises (a) | B66: Achats de marchandises (a) | H66: =+SUMIF([1]PCG!J:J,BR!A66,[1]PCG!E:E) -> 0 | I66: =+SUMIF([1]PCG!J:J,BR!A66,[1]PCG!F:F) -> 0 | K66: =+L66 -> Ventes de marchandises | L66: Ventes de marchandises | R66: =+-SUMIF([1]PCG!J:J,BR!K66,[1]PCG!E:E) -> 0 | S66: 0 | V66: Y compris capital souscrit non appelé.
A67: =+B67 -> Variation des stocks de marchandises (b) | B67: =+C67 -> Variation des stocks de marchandises (b) | C67: Variation des stocks de marchandises (b) | H67: =+SUMIF([1]PCG!J:J,BR!A67,[1]PCG!E:E) -> 0 | I67: =+SUMIF([1]PCG!J:J,BR!A67,[1]PCG!F:F) -> 0 | K67: =+L67 -> Production vendue [biens et services] (a) | L67: Production vendue [biens et services] (a) | R67: =+-SUMIF([1]PCG!J:J,BR!K67,[1]PCG!E:E) -> 0 | S67: 0 | V67: A détailler conformément à la législation en vigueur.
A68: =+B68 -> Achats de matières premières et autres approvisionnements (a) | B68: Achats de matières premières et autres approvisionnements (a) | H68: =+SUMIF([1]PCG!J:J,BR!A68,[1]PCG!E:E) -> 0 | I68: =+SUMIF([1]PCG!J:J,BR!A68,[1]PCG!F:F) -> 0 | K68: =+L68 -> 0 | N68: Sous-total A - Montant net du chiffre d'affaires | R68: =+R67+R66 -> 0 | S68: 0 | V68: Poste à présenter lorsque des titres sont évalués par équivalence.
A69: =+B69 -> Variation des stocks d'approvisionnements (b) | B69: =+C69 -> Variation des stocks d'approvisionnements (b) | C69: Variation des stocks d'approvisionnements (b) | H69: =+SUMIF([1]PCG!J:J,BR!A69,[1]PCG!E:E) -> 0 | I69: =+SUMIF([1]PCG!J:J,BR!A69,[1]PCG!F:F) -> 0 | K69: =+L69 -> 0 | N69: dont à l'exportation: | R69: =+-SUMIF([1]PCG!J:J,BR!K69,[1]PCG!E:E) -> 0 | S69: 0 | V69: Montant entre parenthèses ou précédé du signe moins (-) lorsqu'il s'agit de pertes reportées.
A70: =+B70 -> *Autres achats et charges externes | B70: *Autres achats et charges externes | H70: =+SUMIF([1]PCG!J:J,BR!A70,[1]PCG!E:E) -> 0 | I70: =+SUMIF([1]PCG!J:J,BR!A70,[1]PCG!F:F) -> 0 | K70: =+L70 -> Production stockée (b) | L70: Production stockée (b) | R70: =+-SUMIF([1]PCG!J:J,BR!K70,[1]PCG!E:E) -> 0 | S70: 0 | V70: Montant entre parenthèses ou précédés du signe moins (-) lorsqu’il s’agit d’une perte.
A71: =+B71 -> Impôts, taxes et versements assimilés | B71: Impôts, taxes et versements assimilés | H71: =+SUMIF([1]PCG!J:J,BR!A71,[1]PCG!E:E) -> 0 | I71: =+SUMIF([1]PCG!J:J,BR!A71,[1]PCG!F:F) -> 0 | K71: =+L71 -> Production immobilisée | L71: Production immobilisée | R71: =+-SUMIF([1]PCG!J:J,BR!K71,[1]PCG!E:E) -> 0 | S71: 0 | V71: Dettes sur achats ou prestations de services.
A72: =+B72 -> Salaires et traitements | B72: Salaires et traitements | H72: =+SUMIF([1]PCG!J:J,BR!A72,[1]PCG!E:E) -> 0 | I72: =+SUMIF([1]PCG!J:J,BR!A72,[1]PCG!F:F) -> 0 | K72: =+L72 -> Subventions d'exploitation | L72: Subventions d'exploitation | R72: =+-SUMIF([1]PCG!J:J,BR!K72,[1]PCG!E:E) -> 0 | S72: 0 | V72: A l'exception, pour l'application du (1), des avances et acomptes reçus sur commandes en cours.
A73: =+B73 -> Charges sociales | B73: Charges sociales | H73: =+SUMIF([1]PCG!J:J,BR!A73,[1]PCG!E:E) -> 0 | I73: =+SUMIF([1]PCG!J:J,BR!A73,[1]PCG!F:F) -> 0 | K73: =+L73 -> Reprises sur provisions (et amortissements), transferts de charges | L73: Reprises sur provisions (et amortissements), transferts de charges | R73: =+-SUMIF([1]PCG!J:J,BR!K73,[1]PCG!E:E) -> 0 | S73: 0
A74: =+B74 -> Dotations aux amortissements et aux provisions: | B74: Dotations aux amortissements et aux provisions: | H74: =+SUMIF([1]PCG!J:J,BR!A74,[1]PCG!E:E) -> 0 | I74: =+SUMIF([1]PCG!J:J,BR!A74,[1]PCG!F:F) -> 0 | K74: =+L74 -> Autres produits | L74: Autres produits | R74: =+-SUMIF([1]PCG!J:J,BR!K74,[1]PCG!E:E) -> 0 | S74: 0
A75: =+B75 -> Sur immobilisations: dotations aux amortissements (c) | B75: =+C75 -> Sur immobilisations: dotations aux amortissements (c) | C75: Sur immobilisations: dotations aux amortissements (c) | H75: =+SUMIF([1]PCG!J:J,BR!A75,[1]PCG!E:E) -> 0 | I75: =+SUMIF([1]PCG!J:J,BR!A75,[1]PCG!F:F) -> 0 | N75: Sous-total B | R75: =+SUM(R70:R74) -> 0 | S75: 0
A76: =+B76 -> Sur immobilisations: dotations aux provisions | B76: =+C76 -> Sur immobilisations: dotations aux provisions | C76: Sur immobilisations: dotations aux provisions | H76: =+SUMIF([1]PCG!J:J,BR!A76,[1]PCG!E:E) -> 0 | I76: =+SUMIF([1]PCG!J:J,BR!A76,[1]PCG!F:F) -> 0 | N76: Total I (A+B) | R76: =+R75+R68 -> 0 | S76: 0
A77: =+B77 -> Sur actif circulant: dotations aux provisions | B77: =+C77 -> Sur actif circulant: dotations aux provisions | C77: Sur actif circulant: dotations aux provisions | H77: =+SUMIF([1]PCG!J:J,BR!A77,[1]PCG!E:E) -> 0 | I77: =+SUMIF([1]PCG!J:J,BR!A77,[1]PCG!F:F) -> 0 | K77: Quote-parts de résultat sur opérations faites en commun 1 | O77: (II) | R77: =+-SUMIF([1]PCG!J:J,BR!K77,[1]PCG!E:E) -> 0 | S77: 0
A78: =+B78 -> Pour risques et charges: dotations aux provisions | B78: Pour risques et charges: dotations aux provisions | H78: =+SUMIF([1]PCG!J:J,BR!A78,[1]PCG!E:E) -> 0 | I78: =+SUMIF([1]PCG!J:J,BR!A78,[1]PCG!F:F) -> 0 | K78: Produits financiers: | R78: =+-SUMIF([1]PCG!J:J,BR!K78,[1]PCG!E:E) -> 0
A79: =+B79 -> Autres charges | B79: Autres charges | H79: =+SUMIF([1]PCG!J:J,BR!A79,[1]PCG!E:E) -> 0 | I79: =+SUMIF([1]PCG!J:J,BR!A79,[1]PCG!F:F) -> 0 | K79: =+L79 -> De participation (2) | L79: De participation (2) | R79: =+-SUMIF([1]PCG!J:J,BR!K79,[1]PCG!E:E) -> 0 | S79: 0
D80: TOTAL I | H80: =+SUM(H66:H79) -> 0 | I80: =+SUM(I66:I79) -> 0 | K80: =+L80 -> D'autres valeurs mobilières et créances de l'actif immobilisé (2) | L80: D'autres valeurs mobilières et créances de l'actif immobilisé (2) | R80: =+-SUMIF([1]PCG!J:J,BR!K80,[1]PCG!E:E) -> 0 | S80: 0
A81: Quotes-parts de résultat sur opérations faites en commun | E81: (II) | H81: =+SUMIF([1]PCG!J:J,BR!A81,[1]PCG!E:E) -> 0 | I81: =+SUMIF([1]PCG!J:J,BR!A81,[1]PCG!F:F) -> 0 | K81: =+L81 -> Autres intérêts et produits assimilés (2) | L81: Autres intérêts et produits assimilés (2) | R81: =+-SUMIF([1]PCG!J:J,BR!K81,[1]PCG!E:E) -> 0 | S81: 0
A82: Charges financières: | I82: =+SUMIF([1]PCG!J:J,BR!A82,[1]PCG!F:F) -> 0 | K82: =+L82 -> Reprises sur provisions et transfers de charges financières | L82: Reprises sur provisions et transfers de charges financières | R82: =+-SUMIF([1]PCG!J:J,BR!K82,[1]PCG!E:E) -> 0 | S82: 0
A83: =+B83 -> Dotations aux amortissements et provisions | B83: Dotations aux amortissements et provisions | H83: =+SUMIF([1]PCG!J:J,BR!A83,[1]PCG!E:E) -> 0 | I83: =+SUMIF([1]PCG!J:J,BR!A83,[1]PCG!F:F) -> 0 | K83: =+L83 -> Différences positives de change | L83: Différences positives de change | R83: =+-SUMIF([1]PCG!J:J,BR!K83,[1]PCG!E:E) -> 0 | S83: 0
A84: =+B84 -> Intérêts et charges assimilées (2) | B84: Intérêts et charges assimilées (2) | H84: =+SUMIF([1]PCG!J:J,BR!A84,[1]PCG!E:E) -> 0 | I84: =+SUMIF([1]PCG!J:J,BR!A84,[1]PCG!F:F) -> 0 | K84: =+L84 -> Produits nets sur cessions de valeurs mobilières de placement | L84: Produits nets sur cessions de valeurs mobilières de placement | R84: =+-SUMIF([1]PCG!J:J,BR!K84,[1]PCG!E:E) -> 0 | S84: 0
A85: =+B85 -> Différences négatives de change | B85: Différences négatives de change | H85: =+SUMIF([1]PCG!J:J,BR!A85,[1]PCG!E:E) -> 0 | I85: =+SUMIF([1]PCG!J:J,BR!A85,[1]PCG!F:F) -> 0 | N85: Total III | R85: =+SUM(R79:R84) -> 0 | S85: 0
A86: =+B86 -> Charges nettes sur cessions de valeurs mobilières de placement | B86: Charges nettes sur cessions de valeurs mobilières de placement | H86: =+SUMIF([1]PCG!J:J,BR!A86,[1]PCG!E:E) -> 0 | I86: =+SUMIF([1]PCG!J:J,BR!A86,[1]PCG!F:F) -> 0 | K86: Produits exceptionnels: | R86: =+-SUMIF([1]PCG!J:J,BR!K86,[1]PCG!E:E) -> 0
D87: TOTAL III | H87: =+SUM(H83:H86) -> 0 | I87: =+SUM(I83:I86) -> 0 | K87: =+L87 -> Sur opérations de gestion | L87: Sur opérations de gestion | R87: =+-SUMIF([1]PCG!J:J,BR!K87,[1]PCG!E:E) -> 0 | S87: 0
A88: Charges exceptionnelles: | I88: =+SUMIF([1]PCG!J:J,BR!A88,[1]PCG!F:F) -> 0 | K88: =+L88 -> Sur opérations en capital | L88: Sur opérations en capital | R88: =+-SUMIF([1]PCG!J:J,BR!K88,[1]PCG!E:E) -> 0 | S88: 0
A89: =+B89 -> Sur opérations de gestion | B89: Sur opérations de gestion | H89: =+SUMIF([1]PCG!J:J,BR!A89,[1]PCG!E:E) -> 0 | I89: =+SUMIF([1]PCG!J:J,BR!A89,[1]PCG!F:F) -> 0 | K89: =+L89 -> Reprises sur provisions et transferts de charges exceptionnelles | L89: Reprises sur provisions et transferts de charges exceptionnelles | R89: =+-SUMIF([1]PCG!J:J,BR!K89,[1]PCG!E:E) -> 0 | S89: 0
A90: =+B90 -> Sur opérations en capital | B90: Sur opérations en capital | H90: =+SUMIF([1]PCG!J:J,BR!A90,[1]PCG!E:E) -> 0 | I90: =+SUMIF([1]PCG!J:J,BR!A90,[1]PCG!F:F) -> 0 | N90: TOTAL IV | R90: =+SUM(R87:R89) -> 0 | S90: 0
A91: =+B91 -> Dotations aux amortissements et aux provisions | B91: Dotations aux amortissements et aux provisions | H91: =+SUMIF([1]PCG!J:J,BR!A91,[1]PCG!E:E) -> 0 | I91: =+SUMIF([1]PCG!J:J,BR!A91,[1]PCG!F:F) -> 0 | N91: Total des produits (I+II+III+IV) | R91: =+R90+R76+R77+R85 -> 0 | S91: 0
D92: TOTAL (IV) | H92: =+SUM(H89:H91) -> 0 | I92: =+SUM(I89:I91) -> 0 | N92: Solde débiteur = perte (3) | R92: =+IF(R91<=H95,H95-R91,0) -> 0 | S92: 0
A93: Participation des salariés aux résultats | D93: (V) | H93: =+SUMIF([1]PCG!J:J,BR!A93,[1]PCG!E:E) -> 0 | I93: =+SUMIF([1]PCG!Q:Q,BR!B93,[1]PCG!F:F) -> 0 | N93: TOTAL GENERAL | R93: =+R92+R91 -> 0 | S93: 0
A94: Impôts sur les bénéfices | D94: (VI) | H94: =+[1]Resultat!G67 -> 0 | I94: =+SUMIF([1]PCG!J:J,BR!A94,[1]PCG!F:F) -> 0
D95: Total des charges (I+II+III+IV+V+VI) | H95: =+H94+H93+H92+H81+H80 -> 0 | I95: =+I94+I93+I92+I81+I80 -> 0 | K95: (1) | L95: Dont produits afférents à des exercices antérieurs.
D96: Solde créditeur = bénéfice (3) | H96: =+IF(R91>H95,R91-H95,0) -> 0 | I96: =+IF(I95<S91,S91-I95,0) -> 0 | L96: Les conséquences des corrections d’erreurs significatives, calculées après
D97: TOTAL GENERAL | H97: =+H96+H95 -> 0 | I97: =+SUMIF([1]PCG!J:J,BR!A97,[1]PCG!F:F) -> 0 | L97: impôt, sont présentées sur une ligne séparée sauf s’il s’agit de corriger une
A98: * Y compris | L98: écriture ayant été directement imputée sur les capitaux propres
A99: =+B99 -> redevences de crédit-bail mobilier | B99: redevences de crédit-bail mobilier | E99: 6122 | H99: =+SUMIF([1]PCG!A:A,BR!E99,[1]PCG!E:E) -> 0 | K99: (2) | L99: Dont produits concernant les entités liées
A100: =+B100 -> redevences de crédit-bail immobilier | B100: redevences de crédit-bail immobilier | E100: 6125 | H100: =+SUMIF([1]PCG!A:A,BR!E100,[1]PCG!E:E) -> 0 | K100: (3) | L100: Compte tenu d'un résultat exceptionnel avant impôt de
A102: (1) | B102: Dont charges afférentes à des exercices antérieurs.
B103: Les conséquences des corrections d’erreurs significatives, calculées après | K103: (a) | L103: A inscrire, le cas échéant, sur des lignes distinctes.
B104: impôt, sont présentées sur une ligne séparée sauf s’il s’agit de corriger une | K104: (b) | L104: Stock final moins stock initial : montant de la variation en moins entre parenthèses ou précédé du signe (-).
B105: écriture ayant été directement imputée sur les capitaux propres | R105: N | S105: N-1
A106: (2) | B106: Dont intérêts concernant les entités liées | Q106: Résultat net : | R106: 0 | S106: 0
A107: (3) | B107: Compte tenu d'un résultat exceptionnel avant impôt de | H107: =+IF(H95<R91,R91-(H95-H94),0) -> 0
A110: (a) | B110: Y compris droits de douane.
A111: (b) | B111: Stock initial moins stock final : montant de la variation en moins entre parenthèses ou précédé du signe (-).
...
